AoeStats
← Rablebok

MegaRandom

509159381Analyzed
3v3 RM · 8d ago on Sep 25, 2026· 47m 11s· 6 players
Game mode
Random Map
Map size
Normal (6 player)
Population
200
Speed
Normal
Resources
Standard
Victory
Conquest
Starting age
Dark Age
Ending age
Imperial Age
RankedLock teamsTeams togetherTeam positionsShared explorationLock speedFull tech treeHidden civsTurbo modeCheats
Victory
Defeat
🇹🇷 Varangians · Türkiye
1226
+14
🇹🇷 Saxons · Türkiye
1224
+14
🇹🇷 Danes · Türkiye
1191
+15
🇳🇴 Aztecs · Norway
1305
-19
🇳🇴 Magyars · Norway
1132
-13
🇳🇴 Maya · Norway
1081
-11
Lance
6:26 Loom
10:18 Feudal Age
13:25 Double-Bit Axe
21:42 Castle Age
21:11 Fletching
21:52 Padded Archer Armor
23:56 Crossbowman
25:40 Horse Collar
27:04 Leather Archer Armor
30:02 Bodkin Arrow
31:09 Gold Mining
31:09 Stone Mining
33:00 Ballistics
33:41 Wheelbarrow
Ulven aldri mett
0:29 Loom
11:39 Feudal Age
18:59 Wheelbarrow
18:17 Double-Bit Axe
21:18 Fletching
21:59 Horse Collar
23:18 Padded Archer Armor
29:03 Castle Age
29:07 Crossbowman
29:44 Bodkin Arrow
30:38 Thumb Ring
32:45 Leather Archer Armor
33:28 Elite Skirmisher
41:29 Imperial Age
40:53 Wheelbarrow
41:33 Ballistics
41:51 Arbalester
44:19 Town Watch
Rablebok
5:31 Loom
10:35 Feudal Age
12:13 Double-Bit Axe
12:12 Horse Collar
20:46 Wheelbarrow
22:31 Scale Mail Armor
22:44 Forging
25:08 Castle Age
23:56 Forging
25:26 Gold Mining
25:11 Eagle Warrior
26:09 Chain Mail Armor
26:07 Bow Saw
27:12 Iron Casting
27:40 Squires
32:13 Hand Cart
32:03 Town Watch
36:16 Fletching
39:10 Imperial Age
37:00 Stone Mining
38:20 Gold Shaft Mining
38:21 Stone Shaft Mining
37:44 Bodkin Arrow
40:24 Plate Mail Armor
41:31 Blast Furnace
44:20 Bracer
44:22 Heavy Plow
45:10 Conscription
46:16 Garland Wars
B4DILCAN
7:12 Loom
9:27 Feudal Age
10:02 Double-Bit Axe
15:08 Horse Collar
16:12 Man-at-Arms
23:52 Castle Age
22:16 Scale Mail Armor
23:13 Forging
24:34 Squires
24:20 Arson
24:53 Chain Mail Armor
24:52 Bow Saw
25:59 Heavy Plow
26:40 Wheelbarrow
26:08 Heavy Plow
30:15 Iron Casting
29:49 Pikeman
30:13 Long Swordsman
32:18 Gambesons
35:59 Gold Mining
35:59 Stone Mining
37:59 Hand Cart
41:27 Imperial Age
41:38 Two-Handed Swordsman
41:57 Shield Wall
43:09 Conscription
42:38 Champion
44:14 Plate Mail Armor
43:31 Elite Varangian Guard
bjkorhanertugrul
7:58 Loom
10:34 Feudal Age
11:55 Double-Bit Axe
11:54 Man-at-Arms
16:24 Horse Collar
18:20 Gold Mining
18:22 Stone Mining
20:06 Wheelbarrow
23:27 Castle Age
23:02 Forging
23:52 Scale Mail Armor
24:38 Heavy Plow
24:50 Bow Saw
24:31 Long Swordsman
25:44 Hand Cart
30:13 Squires
31:16 Iron Casting
31:33 Chain Mail Armor
33:11 Arson
36:12 Fletching
35:58 Hamask
36:53 Bodkin Arrow
38:39 Gambesons
42:43 Imperial Age
41:28 Gold Shaft Mining
41:31 Stone Shaft Mining
43:45 Conscription
42:48 Elite Jomsviking
44:31 Blast Furnace
44:02 Plate Mail Armor
yhyalpakcy
5:20 Loom
10:33 Feudal Age
10:35 Man-at-Arms
24:23 Castle Age
24:46 Wheelbarrow
24:37 Scale Mail Armor
24:35 Long Swordsman
25:41 Chain Mail Armor
25:17 Gambesons
26:21 Squires
25:57 Pikeman
28:08 Padded Archer Armor
28:35 Forging
28:19 Fletching
28:28 Elite Skirmisher
29:46 Arson
30:04 Double-Bit Axe
30:27 Horse Collar
31:39 Bodkin Arrow
32:16 Leather Archer Armor
32:39 Bow Saw
33:03 Bodkin Arrow
42:31 Hand Cart
46:02 Imperial Age
43:47 Gold Mining
46:07 Forging
46:35 Elite Varangian Guard
Connection lost

Rejoining the realm…

Still unreachable

The connection could not be restored.

Session expired

The server has moved on; the page needs a fresh start.